 Dungeon Crawl Stone Soup version 0.26.1-2-gb8aa6d0cf2 (webtiles) character file.

Game seed: 4487626841146330962

174 CryoSword the Bolt Thrower (level 5, -1/41 HPs)
             Began as a Formicid Hunter on Feb 12, 2021.
             Was an Initiate of Gozag.
             Slain by a centaur (5 damage)
             ... on level 3 of the Dungeon.
             The game lasted 00:04:53 (3149 turns).

CryoSword the Bolt Thrower (Formicid Hunter)        Turns: 3149, Time: 00:04:54

Health: -1/41      AC:  5    Str: 17    XL:     5   Next: 84%
Magic:  5/5        EV: 11    Int: 11    God:    Gozag
Gold:   331        SH:  0    Dex: 11    Spells: 4/4 levels left

rFire    + . .     SeeInvis +   b - +2 spear (freeze)
rCold    . . .     Faith    .   (no shield)
rNeg     . . .     Spirit   .   n - +0 ring mail
rPois    .         Reflect  .   (helmet unavailable)
rElec    .         Harm     .   (no cloak)
rCorr    .         Rampage  .   (no gloves)
Will     .....                  (no boots)
Stlth    ++........             (no amulet)
HPRegen  0.13/turn              m - ring of protection from fire
MPRegen  0.09/turn              (no ring)

@: no status effects
A: permanent stasis, dig shafts and tunnels, four strong arms, antennae 3
a: Dig, Shaft Self, Renounce Religion, Potion Petition, Call Merchant, Bribe
Branch


You were on level 3 of the Dungeon.
You worshipped Gozag.
Gozag was aware of your devotion.
You visited 1 branch of the dungeon, and saw 3 of its levels.

You collected 350 gold pieces.
You paid 19 gold pieces to Gozag.

Inventory:

Hand Weapons
 a - a +1 hand crossbow
 b - a +2 spear of freezing (weapon)
   (You found it on level 2 of the Dungeon)
Missiles
 d - 20 bolts
Armour
 c - a +1 scale mail of fire resistance
   (You took it off an orc on level 2 of the Dungeon)
 n - a +0 ring mail (worn)
   (You found it on level 2 of the Dungeon)
Jewellery
 m - a ring of protection from fire (left hand)
   (You found it on level 1 of the Dungeon)
Scrolls
 f - a scroll of remove curse {@r2}
 h - 2 scrolls of identify {unknown}
Potions
 e - 3 potions of curing {unknown}
 g - a potion of flight {unknown}
 i - a potion of degeneration {unknown}
 j - a potion of brilliance {unknown}
 k - a potion of lignification {unknown}


   Skills:
 + Level 3.5 Fighting
 * Level 5.5 Crossbows
 - Level 1.7 Dodging
 + Level 3.4 Stealth


You had 4 spell levels left.
You didn't know any spells.
Your spell library was empty.

Dungeon Overview and Level Annotations

Branches:
Dungeon (3/15)

Altars:
Dithmenos
Gozag
Xom


Innate Abilities, Weirdness & Mutations

You cannot be hasted, slowed, berserked, paralysed or teleported.
You can dig through walls and to a lower floor.
Your four strong arms can wield two-handed weapons with a shield.
You have a pair of large antennae on your head. (SInv)


Message History

Found a shadowy altar of Dithmenos.
A jackal comes into view.
The jackal barks!
A jackal comes into view.
The jackal moves out of view.
A jackal is nearby! 2 jackals come into view.
A goblin comes into view. It is wielding a +0 dagger.
The jackal moves out of view.
The goblin shouts!
The jackal barks!
Found a quarterstaff.
The jackal barks!
You hit the jackal. You freeze the jackal. The jackal closely misses you.
The jackal bites you.
You hit the jackal. You freeze the jackal.
You kill the jackal!
You closely miss the jackal. The jackal closely misses you. x2
You hit the jackal. You freeze the jackal.
You kill the jackal!
The jackal misses you.
You hit the jackal. You freeze the jackal.
You kill the jackal!
You hit the jackal. You freeze the jackal.
You kill the jackal!
You completely miss the goblin. The goblin hits you but does no damage.
You closely miss the goblin. The goblin barely misses you.
You barely miss the goblin. The goblin hits you but does no damage.
The goblin closely misses you.
You hit the goblin. You freeze the goblin.
You kill the goblin!
No target in view!
You now have 289 gold pieces (gained 28).
You see here a +0 dagger.
Could not explore, unopened door.
You open the door.
There is an open door here.
There is an open door here.
You sense a monster nearby.
A ball python comes into view.
The ball python hisses angrily.
Found a scroll labelled GIEL ORYTAOSA.
A ball python is nearby!
You reach to attack!
You puncture the ball python! You freeze the ball python.
You kill the ball python!
No target in view!
No target in view!
You now have 295 gold pieces (gained 6).
h - 2 scrolls labelled GIEL ORYTAOSA (gained 1)
You sense a monster nearby.
Could not explore, unopened door.
You open the door.
Found a scale mail.
A dart slug comes into view.
Found a stone staircase leading up.
You hit the dart slug. You freeze the dart slug.
The dart slug launches a dart at you. The slug dart hits you.
You hit the dart slug. You freeze the dart slug.
The dart slug barely misses you.
You hit the dart slug. You freeze the dart slug.
You kill the dart slug!
No target in view!
You sense a monster nearby.
An adder comes into view.
An adder is nearby!
You hit the adder but do no damage. The adder bites you but does no damage.
Unknown command.
You barely miss the adder. The adder bites you.
You puncture the adder!
The adder seems to slow down.
You freeze the adder.
You kill the adder!
No target in view!
No target in view!
You now have 301 gold pieces (gained 6).
You see here a scale mail.
You now have 305 gold pieces (gained 4).
You see here a scale mail.
An orc comes into view. It is wielding a +0 club.
Found 10 gold pieces.
An orc is nearby!
You reach to attack!
You hit the orc. You freeze the orc. You barely miss the orc.
The orc closely misses you.
You closely miss the orc. The orc hits you but does no damage.
You barely miss the orc. The orc hits you with a +0 club.
You hit the orc. You freeze the orc.
You kill the orc!
No target in view!
A kobold comes into view.
A kobold is nearby!
The kobold shouts!
The kobold throws a stone.
The stone hits you but does no damage.
Items here: $ ( ) [.
The kobold throws a stone.
The stone closely misses you.
The kobold throws a stone.
The stone barely misses you.
You reach to attack!
You hit the kobold. You freeze the kobold.
You kill the kobold!
No target in view!
No target in view!
You now have 315 gold pieces (gained 10).
You sense a monster nearby.
You now have 320 gold pieces (gained 5).
You see here a stone.
You now have 325 gold pieces (gained 5).
Things that are here:
a stone; a +0 club; a +0 leather armour You see here a stone.
You sense a monster nearby.
Found 19 arrows.
A bat comes into view.
The bat hits you but does no damage.
You reach to attack!
You puncture the bat! You freeze the bat.
You kill the bat!
No target in view!
No target in view!
You now have 331 gold pieces (gained 6).
A centaur comes into view.
The centaur shouts!
A centaur is nearby!
A centaur is nearby!
The centaur wields a +0 shortbow.
The centaur shoots an arrow.
The arrow completely misses you.
You closely miss the centaur.
The centaur unwields a +0 shortbow.
The centaur hits you but does no damage.
You hit the centaur. You freeze the centaur. The centaur hits you. x2
You barely miss the centaur. The centaur barely misses you.
You hit the centaur but do no damage. The centaur hits you.
The centaur closely misses you.
You hit the centaur. You freeze the centaur. The centaur hits you.
You hit the centaur but do no damage. The centaur hits you!
The centaur barely misses you.
You barely miss the centaur. The centaur hits you.
* * * LOW HITPOINT WARNING * * *
The centaur hits you but does no damage.
You hit the centaur but do no damage. The centaur hits you.
* * * LOW HITPOINT WARNING * * *
You hit the centaur but do no damage. The centaur hits you.
* * * LOW HITPOINT WARNING * * *
The centaur completely misses you.
You hit the centaur. You freeze the centaur. The centaur hits you!
* * * LOW HITPOINT WARNING * * *
The centaur hits you.
* * * LOW HITPOINT WARNING * * *
You hit the centaur. You freeze the centaur. The centaur hits you.
* * * LOW HITPOINT WARNING * * *
You barely miss the centaur.
The centaur hits you but does no damage.
The centaur barely misses you.
You closely miss the centaur. The centaur barely misses you.
The centaur hits you.
You die...
Your body crumbles into a pile of gold.

#[o#. #........# #..#... {oK.
######...####.###.#.#.#
#(#................##..###.
#<..................#.## ##
#.......>.......(..(...#..###≈
....###.########........#.#...##≈
.. )(# #...######.##.#.#≈ ###
#...# #.##.#.#≈ #@..# #.##.#.'#
#c..# #.##.#.## ....# #........
#.#### ###........ #. #..........
$.. #.#####.... ##.#.#####.#
#.... #.#.......# #.[.. {
#######.# #....


You could see a centaur.

Vanquished Creatures
  An orc priest (D:3)
  6 adders
  2 worms (D:2)
  5 dart slugs
  2 leopard geckos (D:1)
  5 orcs
  A ball python (D:3)
  5 bats
  3 giant cockroaches
  6 hobgoblins
  10 jackals
  13 kobolds
  2 frilled lizards (D:2)
  4 goblins
  5 rats
70 creatures vanquished.

Vanquished Creatures (others)
  A plant (D:3)
1 creature vanquished.

Grand Total: 71 creatures vanquished

Notes
Turn   | Place    | Note
-------+----------+-------------------------------------------
     0 | D:1      | CryoSword the Formicid Hunter began the quest for the Orb.
     0 | D:1      | Reached XP level 1. HP: 16/16 MP: 1/1
   106 | D:1      | Reached XP level 2. HP: 20/23 MP: 2/2
   297 | D:1      | Reached XP level 3. HP: 28/28 MP: 3/3
  1085 | D:2      | Found an opulent altar of Gozag.
  1099 | D:2      | Became a worshipper of Gozag Ym Sagoz the Greedy
  1292 | D:2      | Reached XP level 4. HP: 34/34 MP: 4/4
  1736 | D:2      | Reached skill level 5 in Crossbows
  1828 | D:2      | Found a shimmering altar of Xom.
  1915 | D:2      | Reached XP level 5. HP: 31/41 MP: 5/5
  2784 | D:3      | Found a faded altar of an unknown god.
  2932 | D:3      | Found a shadowy altar of Dithmenos.
  3134 | D:3      | Noticed a centaur
  3149 | D:3      | Slain by a centaur

Illustrated notes

Levels and vault maps discovered:
D:1:      erik_arrival_orb_chamber, layout_loops_cross
D:2:      layout_loops_cross, lemuel_crystal_altar, general_overflow_altar
D:3:      layout_loops_cross, overflow_temple_1_default, marbit_many_paths,
          chequers_ecumenical_altar_lobes, chequers_serial_rivers_room_a,
          cheibriados_altar_1

Skill      XL: |  1  2  3  4  5 |
---------------+----------------+-----
Stealth        | 2 3 |  3.4
Fighting       | 3 |  3.5
Crossbows      | 5 |  5.5
Dodging        | |  1.7

Action                   |  1- 3 |  4- 6 || total
-------------------------+-------+-------++-------
Melee: Short sword       |    55 |    16 ||    71
       Spear             |       |    70 ||    70
 Fire: Hand crossbow     |    35 |    34 ||    69
  Use: Scroll            |       |     3 ||     3
 Stab: Sleeping          |     1 |     3 ||     4
       Distracted        |     1 |       ||     1
Armor: Leather armour    |    14 |       ||    14
       Ring mail         |       |    17 ||    17
Dodge: Dodged            |    46 |    36 ||    82
